 Dungeon Crawl Stone Soup version 0.23.2-1-ga50397a (webtiles) character file.

Game seed: 2832024955093604139

104 Kahibar the Insei (level 4, -5/36 HPs)
             Began as a Draconian Transmuter on May 17, 2019.
             Slain by Grinder (7 damage)
             ... on level 3 of the Dungeon.
             The game lasted 00:21:56 (3231 turns).

Kahibar the Insei (Draconian Transmuter)            Turns: 3231, Time: 00:21:56

Health: -5/36      AC:  6    Str:  9 (12) XL:     4   Next: 52%
Magic:  7/7        EV: 11    Int: 12 (14) God:
Gold:   138        SH:  3    Dex:  9 (12) Spells: 6/7 levels left

rFire    . . .     SeeInvis .   a - +0 short sword
rCold    . . .     Gourm    .   f - +0 buckler
rNeg     . . .     Faith    .   (armour unavailable)
rPois    .         Spirit   .   (helmet restricted)
rElec    .         Reflect  .   h - +0 cloak
rCorr    .         Harm     .   (no gloves)
MR       .....                  (no boots)
Stlth    +.........             (no amulet)
HPRegen  0.12/turn              (no ring)
MPRegen  0.10/turn              (no ring)

@: no status effects
A: unfitting armour, cold-blooded, AC +5
a: no special abilities


You were on level 3 of the Dungeon.
You were not hungry.

You visited 1 branch of the dungeon, and saw 3 of its levels.

You collected 138 gold pieces.

Inventory:

Hand Weapons
 a - a +0 short sword (weapon)
Missiles
 e - 50 arrows
 m - 3 stones (quivered)
Armour
 f - a +0 buckler (worn)
 h - a +0 cloak (worn)
Jewellery
 s - an uncursed ring of wizardry {unknown}
Scrolls
 b - a scroll of remove curse {unknown}
 j - a scroll of enchant armour {unknown}
 l - a scroll of teleportation {unknown}
 n - a scroll of magic mapping {unknown}
 o - 2 scrolls of identify {unknown}
 p - 4 scrolls of blinking {unknown}
 q - a scroll of fog {unknown}
Potions
 d - a potion of curing
 g - a potion of ambrosia
 i - a potion of haste
Comestibles
 c - 6 rations


   Skills:
 * Level 1.9 Fighting
 * Level 2.0 Short Blades
 + Level 2.0 Dodging
 + Level 0.7 Stealth
 + Level 0.2 Shields
 - Level 3.7 Unarmed Combat
 * Level 2.3 Spellcasting
 + Level 2.1 Transmutations


You had 6 spell levels left.
You knew the following spells:

 Your Spells              Type           Power        Failure   Level  Hunger
a - Beastly Appendage     Tmut           #.....       17%         1    ##.....

Your spell library contained the following spells:

 Spells                   Type           Power        Failure   Level  Hunger
 Sticks to Snakes         Tmut           #.......     26%         2    ###....
 Spider Form              Tmut/Pois      #.........   63%         3    ####...
 Ice Form                 Ice/Tmut       #.......     95%         4    #####..
 Blade Hands              Tmut           #.........   99%         5    ######.


Dungeon Overview and Level Annotations

Branches:
Dungeon (3/15)

Altars:
Zin

Annotations:
D:3 Grinder


Innate Abilities, Weirdness & Mutations

Your plain brown scales are hard. (AC +5)
You cannot fit into any form of body armour.
You are cold-blooded and may be slowed by cold attacks.


Message History

You barely miss Grinder.
Grinder is heavily wounded.
Grinder misses you.
Unknown command.
You completely miss Grinder.
Grinder is heavily wounded.
Grinder hits you.
* * * LOW HITPOINT WARNING * * *
You writhe in agony.
* * * LOW HITPOINT WARNING * * *
Unknown command.
You closely miss Grinder.
Grinder is heavily wounded.
Grinder drinks a potion.
Grinder is healed!
It was a potion of degeneration.
There was something very wrong with that liquid.
You feel weakened.
You feel dopey.
You feel clumsy. Grinder barely misses you.
You closely miss Grinder. Grinder hits you!
You die...

#.##########
#...........
#.########## #.#
#.#
###########.#
##...........#
+......#######
#.....@# #
..#.###5###....
...............
#.##............
#>..............
.##(...........
#........####
...###+#+## ####


You could see Grinder.

Vanquished Creatures
  5 adders
  4 dart slugs
  A leopard gecko (D:1)
  3 bats (D:1)
  4 giant cockroaches
  7 goblins
  5 hobgoblins (D:1)
  4 jackals
  A quokka (D:2)
  2 ball pythons (D:1)
  A ball python skeleton (D:2)
  3 frilled lizards
  5 kobolds
  4 rats
49 creatures vanquished.

Notes
Turn   | Place    | Note
-------+----------+-------------------------------------------
     0 | D:1      | Kahibar the Draconian Transmuter began the quest for the
                  | Orb.
     0 | D:1      | Reached XP level 1. HP: 16/16 MP: 3/3
   145 | D:1      | Reached XP level 2. HP: 8/23 MP: 3/5
  1414 | D:1      | Reached XP level 3. HP: 25/28 MP: 6/6
  1820 | D:2      | Reached skill level 1 in Short Blades
  2307 | D:2      | Reached XP level 4. HP: 4/36 MP: 7/7
  2603 | D:2      | Found a glowing silver altar of Zin.
  2603 | D:2      | Noticed an angel
  3210 | D:3      | Noticed Grinder
  3210 | D:3      | Paralysed by Grinder for 3 turns
  3228 | D:3      | HP: 1/36 [Grinder (3)]
  3231 | D:3      | Slain by Grinder

Skill      XL: |  1  2  3  4 |
---------------+-------------+-----
Short Blades   | 1 2 |  2.0
Dodging        | 2 |  2.0
Fighting       | |  1.9
Stealth        | |  0.7
Shields        | |  0.2
Unarmed Combat | |  3.7
Spellcasting   | |  2.3
Transmutations | |  2.1

Action                   |  1- 3 |  4- 6 || total
-------------------------+-------+-------++-------
Melee: Unarmed           |    59 |       ||    59
       Tailslap          |    18 |    11 ||    29
       Kick              |     1 |       ||     1
       Headbutt          |     1 |       ||     1
       Dagger            |   105 |       ||   105
       Punch             |     1 |       ||     1
       Short sword       |    51 |    44 ||    95
Throw: Stone             |     2 |     2 ||     4
 Cast: Beastly Appendage |     3 |       ||     3
  Use: Potion            |       |     3 ||     3
 Stab: Distracted        |       |     1 ||     1
       Sleeping          |       |     1 ||     1
  Eat: Chunk             |     5 |     3 ||     8
Armor: Skin              |    61 |    15 ||    76
Dodge: Dodged            |   150 |    13 ||   163
Block: Buckler           |    13 |     4 ||    17
